 Dungeon Crawl Stone Soup version 0.29-a0-350-g7790a0e70a (webtiles) character file.

Game seed: 317376726864627640

56 spaghetti the Cruncher (level 3, -1/39 HPs)
             Began as a Gnoll Wanderer on Apr 22, 2022.
             Was a Follower of Ru.
             Slain by a gnoll
             ... wielding a +0 whip
              (6 damage)
             ... on level 2 of the Dungeon.
             The game lasted 00:04:06 (1832 turns).

spaghetti the Cruncher (Gnoll Wanderer)             Turns: 1832, Time: 00:04:07

Health: -1/39      AC:  6    Str: 12    XL:     3   Next: 95%
Magic:  9/9        EV: 10    Int:  8    God:    Ru [*.....]
Gold:   128        SH:  0    Dex: 15    Spells: 11/12 levels left

rFire   . . .      SeeInvis .   a - +2 quarterstaff {staff}
rCold   . . .      Faith    .   (shield currently unavailable)
rNeg    . . .      Spirit   .   b - +0 ring mail
rPois   .          Reflect  .   (no helmet)
rElec   .          Harm     .   (no cloak)
rCorr   .          Rampage  .   (no gloves)
Will    .....                   k - +0 pair of boots
Stlth   ..........              (no amulet)
HPRegen 0.13/turn               m - ring of wizardry
MPRegen 0.11/turn               (no ring)

@: berserking, very quick
A: fangs 1, missing an eye, strong nose, distributed training
a: Renounce Religion


You were on level 2 of the Dungeon.
You worshipped Ru.
Ru was aware of your devotion.
You visited 1 branch of the dungeon, and saw 2 of its levels.

You collected 128 gold pieces.


Innate Abilities, Weirdness & Mutations

You have very sharp teeth.
You are missing an eye, making it more difficult to aim.
Your uncanny sense of smell can sniff out nearby items.
Your experience applies equally to all skills.


   Skills:
 + Level 1.0 Fighting
 + Level 1.0 Short Blades
 + Level 1.0 Long Blades
 + Level 1.0 Axes
 + Level 1.0 Maces & Flails
 + Level 1.0 Polearms
 + Level 10.4 Staves
 + Level 1.0 Slings
 + Level 1.0 Bows
 + Level 1.0 Crossbows
 + Level 1.0 Throwing
 + Level 2.6 Armour
 + Level 1.0 Dodging
 + Level 1.0 Stealth
 + Level 1.0 Shields
 + Level 1.0 Unarmed Combat
 + Level 5.0 Spellcasting
 + Level 0.7 Conjurations
 + Level 0.7 Hexes
 + Level 0.7 Summonings
 + Level 0.7 Necromancy
 + Level 0.7 Translocations
 + Level 0.7 Transmutations
 + Level 0.7 Fire Magic
 + Level 3.8 Ice Magic
 + Level 0.7 Air Magic
 + Level 0.7 Earth Magic
 + Level 0.7 Poison Magic
 + Level 1.0 Invocations
 + Level 1.0 Evocations


You had 11 spell levels left.
You knew the following spells:

 Your Spells              Type           Power      Damage    Failure   Level
a - Freeze                Ice            32%        1d5       4%          1

Your spell library contained the following spells:

 Spells                   Type           Power      Damage    Failure   Level
 Frozen Ramparts          Ice            16%        1d3       16%         3

Inventory:

Hand Weapons
 a - a +2 quarterstaff (weapon) {staff}
Missiles
 f - 79 stones (quivered) {throwing}
 o - 5 atropa-tipped darts {throwing}
Armour
 b - a +0 ring mail (worn)
 k - a +0 pair of boots (worn)
   (You found it on level 1 of the Dungeon)
 r - the +0 kite shield "Zohunnua" {Fly Dex+2}
   (You found it on level 2 of the Dungeon)

   Dex:       It affects your dexterity (+2).
   Fly:       It grants you flight.
Jewellery
 m - a ring of wizardry (left hand)
   (You found it on level 2 of the Dungeon)
Scrolls
 d - 2 scrolls of identify {unknown}
 h - a scroll of holy word {unknown}
 i - a scroll of vulnerability {unknown}
 j - a scroll of immolation {unknown}
 q - a scroll of teleportation {unknown}
 s - 2 scrolls of magic mapping {unknown}
 v - a scroll of fear {unknown}
Potions
 e - a potion of degeneration {unknown}
 g - 2 potions of lignification {unknown}
 l - a potion of resistance {unknown}
 n - a potion of curing {unknown}
 p - a potion of invisibility {unknown}
 t - a potion of mutation {unknown}
 u - a potion of attraction {unknown}

Dungeon Overview and Level Annotations

Branches:
Dungeon (2/15)

Altars:
Ru

.....########.........#...## #.#
..............<.........#######..
.....########....................
###### #........>######.....
#.........######.###.
#.........##.....# #.
#.........##.##### ##
##...........# ##g@...######
#.gg##### ....... ....... .......
#######


You could see 3 gnolls.


Message History

Your Evocations skill increases to level 1! 😕 HP[+1]
You now have 26 max hp (+1).
No target in view!
No target in view!
No target in view!
No target in view!
No target in view!
You see here an adder corpse.
Unknown command.
Unknown command.
Found a stone staircase leading up. 😎 HP[+1]
Your hp is fully restored (26).
A hobgoblin comes into view.
A hobgoblin is nearby!
A hobgoblin is nearby!
The hobgoblin shouts!
The hobgoblin hits you but does no damage.
You hit the hobgoblin but do no damage. The hobgoblin hits you. 😕 HP[-1]
You take 1 damage, and now have 25/26 hp.
You sock the hobgoblin!
You kill the hobgoblin!
No target in view!
No target in view!
No target in view!
No target in view!
No target in view!
No target in view!
No target in view!
No target in view!
No target in view!
No target in view!
No target in view!
Key pressed, stopping explore.
Key pressed, stopping explore.
Key pressed, stopping explore.
Found a stone staircase leading down. 😎 HP[+1]
Your hp is fully restored (26).
There is a stone staircase leading down here.
Key pressed, stopping explore.
Key pressed, stopping explore.
Key pressed, stopping explore.
You now have 128 gold pieces (gained 8).
There is a stone staircase leading down here. 2 gnolls come into view.
The gnoll shouts!
A gnoll comes into view. It is wielding a +0 club.
The gnoll moves out of view.
The gnoll shouts!
The gnoll throws a throwing net.
The throwing net hits you.
You become entangled in the net!
You see here a throwing net {=f!fthrowing}.
You tear a large gash into the net.
Unknown command.
You struggle against the net.
You rip the net and break free!
The gnoll hits you but does no damage.
Unknown command.
You hit the gnoll. You closely miss the gnoll. The gnoll barely misses you.
You barely miss the gnoll.
The gnoll hits you from afar with a +0 spear.
The gnoll closely misses you.
The gnoll hits you with a +0 club. 😮 HP[-9]
You take 9 damage, and now have 17/26 hp.
MASSIVE DAMAGE!! (PAUSE) Unknown command.
You miss the gnoll. The gnoll barely misses you.
The gnoll hits you with a +0 whip.
The gnoll hits you but does no damage. 😮 HP[-2]
You take 2 damage, and now have 15/26 hp.
You hit the gnoll. You hit the gnoll but do no damage.
The gnoll hits you but does no damage. The gnoll hits you with a +0 whip.
The gnoll hits you but does no damage. 😮 HP[-1]
You take 1 damage, and now have 14/26 hp.
You completely miss the gnoll.
The gnoll hits you from afar with a +0 spear.
* * * LOW HITPOINT WARNING * * *
The gnoll barely misses you.
The gnoll hits you but does no damage. 😨 HP[-5]
You take 5 damage, and now have 9/26 hp.
Unknown command.
Unknown command.
Really quaff
c - a potion of berserk rage {!q}?
A red film seems to cover your vision as you go berserk!
You feel yourself moving faster!
You feel mighty! The gnoll hits you but does no damage.
The gnoll hits you with a +0 whip.
* * * LOW HITPOINT WARNING * * *
The gnoll hits you with a +0 club!
* * * LOW HITPOINT WARNING * * *
😱 HP[-4]
You now have 39 max hp (+13).
There are monsters nearby!
You hit the gnoll. The gnoll barely misses you.
The gnoll hits you with a +0 whip.
You die...

Skill      XL: |  1  2  3 |
---------------+----------+-----
Staves         | | 10.4
Spellcasting   | 5 |  5.0
Invocations    | 1 |  1.0
Fighting       | 1 |  1.0
Short Blades   | 1 |  1.0
Long Blades    | 1 |  1.0
Axes           | 1 |  1.0
Maces & Flails | 1 |  1.0
Polearms       | 1 |  1.0
Slings         | 1 |  1.0
Bows           | 1 |  1.0
Crossbows      | 1 |  1.0
Throwing       | 1 |  1.0
Dodging        | 1 |  1.0
Stealth        | 1 |  1.0
Shields        | 1 |  1.0
Unarmed Combat | 1 |  1.0
Evocations     | 1 |  1.0
Armour         | |  2.6
Conjurations   | |  0.7
Hexes          | |  0.7
Summonings     | |  0.7
Necromancy     | |  0.7
Translocations | |  0.7
Transmutations | |  0.7
Fire Magic     | |  0.7
Ice Magic      | |  3.8
Air Magic      | |  0.7
Earth Magic    | |  0.7
Poison Magic   | |  0.7

Action                   || total
-------------------------++-------
Melee: Quarterstaff      ||   114
       Bite              ||     7
Invok: Sacrifice an Eye  ||     1
  Use: Potion            ||     1
Armor: Ring mail         ||    51
Dodge: Dodged            ||    48

Levels and vault maps discovered:
D:1:      psy_arrival_fountain, layout_basic, shapermc_ecumenical_altar_ellora
D:2:      layout_rooms

Notes
Turn   | Place    | Note
-------+----------+-------------------------------------------
     0 | D:1      | Reached skill level 10 in Staves
     0 | D:1      | spaghetti the Gnoll Wanderer began the quest for the Orb.
     0 | D:1      | spaghetti set off with the following items: a +2
                  | quarterstaff {staff}, a +0 ring mail, a potion of berserk
                  | rage {!q}; and the following spell memorised: Freeze; and
                  | the following spells available to memorise: Frozen Ramparts
     0 | D:1      | Reached XP level 1. HP: 13/13 MP: 6/6
     0 | D:1      | magus.rc [v1.9.6]
   285 | D:1      | Found a faded altar of an unknown god.
   329 | D:1      | Prayed at the altar of an unknown god.
   329 | D:1      | Became a worshipper of Ru the Awakened
   349 | D:1      | Gained mutation: You are missing an eye, making it more
                  | difficult to aim. [Ru sacrifice]
   349 | D:1      | Reached * piety under Ru
   536 | D:1      | Reached XP level 2. HP: 17/19 MP: 7/7
   969 | D:1      | magus.rc [v1.9.6]
  1109 | D:2      | Reached XP level 3. HP: 25/25 MP: 9/9
  1124 | D:2      | Reached skill level 5 in Spellcasting
  1143 | D:2      | Reached skill level 1 in Invocations
  1277 | D:2      | Identified the +0 kite shield "Zohunnua" {Fly Dex+2}
  1600 | D:2      | Reached skill level 1 in Fighting
  1600 | D:2      | Reached skill level 1 in Short Blades
  1600 | D:2      | Reached skill level 1 in Long Blades
  1600 | D:2      | Reached skill level 1 in Axes
  1600 | D:2      | Reached skill level 1 in Maces & Flails
  1600 | D:2      | Reached skill level 1 in Polearms
  1600 | D:2      | Reached skill level 1 in Slings
  1600 | D:2      | Reached skill level 1 in Bows
  1600 | D:2      | Reached skill level 1 in Crossbows
  1600 | D:2      | Reached skill level 1 in Throwing
  1600 | D:2      | Reached skill level 1 in Dodging
  1600 | D:2      | Reached skill level 1 in Stealth
  1600 | D:2      | Reached skill level 1 in Shields
  1600 | D:2      | Reached skill level 1 in Unarmed Combat
  1600 | D:2      | Reached skill level 1 in Evocations
  1831 | D:2      | HP: 5/39 [gnoll/+0 club (7)]
  1832 | D:2      | Slain by a gnoll

Vanquished Creatures
  2 adders (D:2)
  A worm (D:2)
  A dart slug (D:2)
  A giant cockroach (D:1)
  3 goblins
  3 hobgoblins
  3 jackals (D:1)
  2 kobolds
  2 quokkas (D:2)
  7 ball pythons
  3 bats
  3 rats
31 creatures vanquished.

Table legend:
 A = Non-vault XP
 B = Vault XP
 C = Vault XP percentage of total XP
 D = Non-vault monster count
 E = Vault monster count
 F = Vault count percentage of total count
                 A         B        C        D         E       F
            +---------+---------+-------+---------+---------+-------
      Total |      80 |       0 |   0.0 |      31 |       0 |   0.0
            +---------+---------+-------+---------+---------+-------
        D:1 |      28 |       0 |   0.0 |      17 |       0 |   0.0
        D:2 |      52 |       0 |   0.0 |      14 |       0 |   0.0
            +---------+---------+-------+---------+---------+-------

Illustrated notes

Table legend:
 A = Kills in this place as a percentage of kills in entire the game.
 B = Kills by you in this place as a percentage of kills by you in the entire game.
 C = Kills by friends in this place as a percentage of kills by friends in the entire game.
 D = Other kills in this place as a percentage of other kills in the entire game.
 E = Experience gained in this place as a percentage of experience gained in the entire game.
 F = Experience gained in this place divided by the number of levels of this place that you have seen.
                   A       B       C       D       E      F
               +-------+-------+-------+-------+-------+----------------------
         Total | 100.0 | 100.0 |   N/A |   N/A | 100.0 |  40.0
       Dungeon | 100.0 | 100.0 |   N/A |   N/A | 100.0 |  40.0
               +-------+-------+-------+-------+-------+----------------------

Table legend: (Time is in decaauts)
 A = Elapsed time spent in this place.
 B = Non-inter-level travel time spent in this place.
 C = Inter-level travel time spent in this place.
 D = Time resting spent in this place.
 E = Time spent auto-exploring this place.
 F = Levels seen in this place.
 G = Mean time per level.
                   A        B        C        D        E       F      G
               +--------+--------+--------+--------+--------+-----+--------+
         Total |   1805 |   1767 |     38 |     91 |   1439 |   2 |  902.5 |
       Dungeon |   1805 |   1767 |     38 |     91 |   1439 |   2 |  902.5 |
               +--------+--------+--------+--------+--------+-----+--------+

Top non-repeatable levels by time:
     D:1: 980 daAuts
     D:2: 825 daAuts
